 Dungeon Crawl Stone Soup version 0.21.1-1-g345015fe64 (webtiles) character file.

58 Peloso the Shield-Bearer (level 3, -5/34 HPs)
             Began as a Deep Dwarf Fighter on Apr 2, 2018.
             Killed by nerve-wracking pain
             ... invoked by an orc priest
              (10 damage)
             ... on level 3 of the Dungeon.
             The game lasted 00:03:23 (1977 turns).

Peloso the Shield-Bearer (Deep Dwarf Fighter)       Turns: 1977, Time: 00:03:23

Health: -5/34      AC:  6    Str: 20    XL:     3   Next: 75%
Magic:  2/2        EV:  7    Int:  8    God:
Gold:   104        SH: 11    Dex: 12    Spells: 2/2 levels left

rFire    + . .     SeeInvis .   a - +0 long sword
rCold    . . .     Gourm    .   m - +2 shield
rNeg     . . .     Faith    .   b - +0 scale mail
rPois    .         Spirit   .   (no helmet)
rElec    .         Reflect  .   (no cloak)
rCorr    .         Harm     .   (no gloves)
MR       .....                  (no boots)
Stlth    ..........             (no amulet)
HPRegen  0.00/turn              k - ring of protection from fire
MPRegen  0.08/turn              (no ring)

@: lethally poisoned (-5 -> -5), non-regenerating
A: damage resistance, heal wounds, sense surroundings 1, no regeneration
a: Heal Wounds


You were on level 3 of the Dungeon.
You were not hungry.

You visited 1 branch of the dungeon, and saw 3 of its levels.

You collected 104 gold pieces.

Inventory:

Hand Weapons
 a - a +0 long sword (weapon)
Missiles
 h - 17 bolts
Armour
 b - a +0 scale mail (worn)
 c - a +1 shield
 m - a +2 shield (worn)
Jewellery
 k - a ring of protection from fire (left hand)
Scrolls
 j - a scroll of enchant armour
 o - a scroll of teleportation
Potions
 d - a potion of might
 e - a potion of curing
 i - 3 potions of heal wounds
 l - a potion of invisibility
 p - a potion of brilliance {unknown}
Comestibles
 f - a ration
 g - a chunk of flesh


   Skills:
 + Level 3.2 Fighting
 + Level 2.9 Long Blades
 + Level 3.6 Armour
 + Level 0.2 Dodging
 + Level 3.7 Shields


You had 2 spell levels left.
You didn't know any spells.

Dungeon Overview and Level Annotations

Branches:
Dungeon (3/15)

Altars:

Annotations:
D:3 Robin


Innate Abilities, Weirdness & Mutations

You are resistant to damage.
You can heal yourself by infusing magical energy.
You passively map a small area around you.
You do not regenerate.


Message History

You are poisoned.
The adder poisons you! You block the orc's attack.
The orc priest calls down the wrath of Beogh upon you.
Beogh smites you!
* * * LOW HITPOINT WARNING * * *
The adder bites you. The orc hits you but does no damage.
You block the orc's attack.
You completely miss the orc priest.
The orc priest is almost dead.
The adder bites you.
* * * LOW HITPOINT WARNING * * *
The orc priest barely misses you. The orc barely misses you.
The orc hits you with a flail.
* * * LOW HITPOINT WARNING * * *
You block the adder's attack.
Your shield and scale mail prevent you from hitting the orc priest.
The orc priest is almost dead.
The orc priest calls down the wrath of Beogh upon you.
Pain shoots through your body!
You die...

###### #....######
######....#....#
#....#... .....#
#......###.....##
#................
#...o#Sw.##....#.
#...o@#.o........
####o.#####......
#..# *,##### ,
##..###,.
#######.....#.# *
*
##.....#.......#*
##.........[.....#
#................#
*
#.................


You could see a worm, an orc priest, an adder and 2 orcs.

Vanquished Creatures
  A worm (D:3)
  3 dart slugs
  2 leopard geckos
  An orc (D:3)
  3 giant cockroaches
  3 goblins (D:2)
  6 hobgoblins
  4 jackals (D:1)
  A ball python (D:1)
  2 bats (D:2)
  8 frilled lizards
  7 kobolds
  3 rats
44 creatures vanquished.

Notes
Turn   | Place    | Note
-------+----------+-------------------------------------------
     0 | D:1      | Peloso the Deep Dwarf Fighter began the quest for the Orb.
     0 | D:1      | Reached XP level 1. HP: 20/20 MP: 1/1
   105 | D:1      | Reached XP level 2. HP: 21/27 MP: 2/2
   931 | D:2      | Reached XP level 3. HP: 13/34 MP: 3/3
  1852 | D:3      | Noticed Robin
  1977 | D:3      | Killed from afar by an orc priest

Skill      XL: |  1  2 |
---------------+-------+-----
Fighting       | 3 |  3.2
Long Blades    | |  2.9
Armour         | |  3.6
Dodging        | |  0.2
Shields        | |  3.7

Action                   || total
-------------------------++-------
Melee: Long sword        ||   158
 Abil: Heal Wounds       ||     1
  Use: Scroll            ||     7
       Potion            ||     1
  Eat: Ration            ||     1
       Chunk             ||     1
Armor: Scale mail        ||    72
Dodge: Dodged            ||    42
Block: Shield            ||    89
       Rpst.: Long sword ||    12
